 Dungeon Crawl Stone Soup version 0.28.0 (webtiles) character file.

Game seed: 7887563036969699479

2654 pkoi the Gusty (level 9, -1/61 (62) HPs)
             Began as a Grey Draconian Air Elementalist on Feb 16, 2022.
             Slain by a wight (10 damage)
             ... on level 7 of the Dungeon.
             The game lasted 00:09:26 (6789 turns).

pkoi the Gusty (Grey Draconian Air Elementalist)    Turns: 6789, Time: 00:09:27

HP:   -1/61 (62)    AC: 15    Str: 10    XL:     9   Next: 36%
MP:   14/18         EV: 12    Int: 19    God:
Gold: 323           SH:  0    Dex: 13    Spells: 12/20 levels left

rFire   . . .      SeeInvis .   i - +2 quarterstaff (spect)
rCold   . . .      Faith    .   (shield currently unavailable)
rNeg    . . .      Spirit   .   (armour unavailable)
rPois   .          Reflect  .   (helmet restricted)
rElec   .          Harm     .   (no cloak)
rCorr   .          Rampage  .   m - +0 pair of gloves
Will    .....                   h - +1 pair of boots
Stlth   ++........              (no amulet)
HPRegen 0.20/turn               (no ring)
MPRegen 0.16/turn               (no ring)

@: slowed, lightly drained, very slow
A: AC +12, amphibious, unfitting armour, cold-blooded
a: no special abilities


You were on level 7 of the Dungeon.
You visited 2 branches of the dungeon, and saw 8 of its levels.

You collected 323 gold pieces.

Inventory:

Hand Weapons
 d - a +0 club of flaming
 f - a +2 dagger of venom
 i - a +2 spectral quarterstaff (weapon)
Missiles
 b - a throwing net
Armour
 h - a +1 pair of boots (worn)
 m - a +0 pair of gloves (worn)
Jewellery
 e - an amulet of magic regeneration
Wands
 c - a wand of acid (4)
 o - a wand of iceblast (6)
Scrolls
 g - 6 scrolls of identify
 j - a scroll of fear
 k - 2 scrolls of teleportation
Potions
 a - 6 potions of curing
 l - a potion of invisibility {unknown}


   Skills:
 + Level 5.7 Staves
 - Level 1.7 Dodging
 - Level 1.7 Stealth
 + Level 6.0 Spellcasting
 + Level 3.4 Conjurations
 * Level 7.9 Air Magic


You had 12 spell levels left.
You knew the following spells:

 Your Spells              Type           Power      Damage    Failure   Level
a - Shock                 Conj/Air       100%       1d9       1%          1
b - Swiftness             Air            35%        N/A       1%          3
c - Airstrike             Air            17%        N/A       4%          4

Your spell library contained the following spells:

 Spells                   Type           Power      Damage    Failure   Level
 Static Discharge         Conj/Air       27%        N/A       1%          2
 Pain                     Necr           20%        1d5       11%         1
 Gell's Gravitas          Tloc           5%         N/A       32%         3
 Teleport Other           Tloc           5%         N/A       32%         3
 Cause Fear               Hex            2%         N/A       73%         4
 Agony                    Necr           5%         N/A       97%         5
 Excruciating Wounds      Necr           2%         N/A       97%         5
 Dispersal                Tloc           2%         N/A       100%        6
 Dragon Form              Tmut           2%         N/A       100%        7
 Dragon's Call            Summ           2%         N/A       100%        9


Dungeon Overview and Level Annotations

Branches:
Dungeon (7/15)             Temple (1/1) D:5

Altars:
Ashenzari
Cheibriados
Dithmenos
Elyvilon
Gozag
Hepliaklqana
Kikubaaqudgha
Makhleb
Nemelex Xobeh
Okawaru
Qazlal
Ru
Trog
Uskayaw
Vehumet
Wu Jian
Xom
Yredelemnul
Zin
The Shining One
Ignis

Annotations:
D:7 Maggie


Innate Abilities, Weirdness & Mutations

Your dull iron-grey scales are very hard. (AC +12)
You are amphibious.
You cannot fit into any form of body armour.
You are cold-blooded and may be slowed by cold attacks.


Message History

The wight hits you but does no damage. The kobold barely misses you.
The kobold closely misses you. The wight misses you.
Your Spellcasting skill increases to level 6!
You barely miss the wight.
You feel sick.
The kobold hits you but does no damage. x2; The wight barely misses you.
The wight hits your +2 spectral quarterstaff with a +4 great sword.
Your spectral weapon shares its damage with you!
* * * LOW HITPOINT WARNING * * *
The kobold hits you with a +0 dagger.
* * * LOW HITPOINT WARNING * * *
The kobold hits your +2 spectral quarterstaff but does no damage.
You hit the kobold.
The kobold is severely wounded.
Your +2 spectral quarterstaff hits the kobold!
You kill the kobold!
You feel sick.
The wight hits you with a +0 short sword.
* * * LOW HITPOINT WARNING * * *
You feel drained. The kobold hits you but does no damage.
The white imp hits your +2 spectral quarterstaff.
The white imp freezes your +2 spectral quarterstaff.
Your +2 spectral quarterstaff resists.
Your spectral weapon shares its damage with you!
* * * LOW HITPOINT WARNING * * *
The kobold shoots a bolt.
The bolt barely misses your +2 spectral quarterstaff.
The bolt barely misses you. The wight hits you but does no damage.
The kobold completely misses your +2 spectral quarterstaff.
You hit the kobold.
You kill the kobold!
You feel sick.
The wight hits you with a +4 great sword!
* * * LOW HITPOINT WARNING * * *
The wight misses you. The wight closely misses you.
The white imp hits you but does no damage.
You feel better. The wight closely misses you.
A wight comes into view. It is wielding a +4 dagger.
The kobold hits you but does no damage.
The wight hits you with a +4 great sword!
You die...

.....>(## ..# ##...###
##......###.# ##....###
#.......# #.# ##....##
#.......## .. ###########.....
#......(.#
#.####.......###..###
#........###..#.............##
#######...# #.#...........###
##### ##.zK.....z...#
#..@5K........#
##..#z.).(..####
##..#####..### ##..## ##..#
#..## ..# ##.## #.# ##..# .K
#### ##..## #5) ...# #..#.#
...


You could see 3 wights, a white imp and 2 kobolds.

Vanquished Creatures
  Prince Ribbit (D:5)
  Grinder (D:4)
  Eustachio (D:4)
  Edmund (D:4)
  A water moccasin (D:4)
  Menkaure (D:7)
  A sky beast (D:6)
  An ice beast (D:3)
  2 ogres
  A centaur (D:6)
  A kobold brigand (D:7)
  3 phantoms (D:6)
  A bullfrog (D:6)
  Blork the orc (D:4)
  A scorpion (D:5)
  A wyvern skeleton (D:7)
  A centaur zombie (D:5)
  7 hounds
  A bullfrog zombie (D:5)
  A gnoll shaman (D:5)
  2 orc priests
  A bullfrog skeleton (D:5)
  2 centaur skeletons
  2 iguanas
  Ijyb (D:4)
  3 orc wizards
  A hound zombie (D:5)
  A hound skeleton (D:5)
  5 gnolls (D:5)
  A howler monkey skeleton (D:5)
  5 adders
  A white imp (D:5)
  2 ufetubi
  A worm (D:3)
  2 dart slugs
  15 orcs
  9 endoplasms
  2 giant cockroaches
  5 goblins
  8 hobgoblins
  8 jackals
  6 ball pythons
  4 bats
  A frilled lizard (D:1)
  11 kobolds
  4 rats
132 creatures vanquished.

Notes
Turn   | Place    | Note
-------+----------+-------------------------------------------
     0 | D:1      | pkoi the Draconian Air Elementalist began the quest for the
                  | Orb.
     0 | D:1      | Reached XP level 1. HP: 14/14 MP: 3/3
   296 | D:1      | Reached XP level 2. HP: 15/20 MP: 1/5
   708 | D:1      | Found a faded altar of an unknown god.
  1498 | D:2      | Reached skill level 4 in Air Magic
  1498 | D:2      | Reached XP level 3. HP: 25/26 MP: 1/6
  1860 | D:2      | Reached XP level 4. HP: 33/33 MP: 8/8
  2290 | D:3      | Noticed an ice beast
  2303 | D:3      | Killed an ice beast
  2304 | D:3      | Reached skill level 1 in Staves
  2304 | D:3      | Reached skill level 5 in Air Magic
  2304 | D:3      | Reached XP level 5. HP: 23/38 MP: 3/9
  2990 | D:3      | Reached XP level 6. HP: 41/45 MP: 9/11
  3042 | D:4      | Found an ornate altar of the Wu Jian Council.
  3075 | D:4      | Noticed Blork the orc
  3095 | D:4      | Killed Blork the orc
  3245 | D:4      | Noticed Edmund
  3245 | D:4      | Noticed Grinder
  3269 | D:4      | Killed Edmund
  3270 | D:4      | Reached skill level 6 in Air Magic
  3353 | D:3      | Learned a level 3 spell: Swiftness
  3358 | D:3      | Learned a level 4 spell: Airstrike
  3390 | D:4      | Paralysed by Grinder for 3 turns
  3394 | D:4      | Killed Grinder
  3395 | D:4      | Your scales start taking on a dull iron-grey colour.
  3395 | D:4      | Reduced skill Air Magic to level 5
  3395 | D:4      | Reached XP level 7. HP: 50/50 MP: 9/13
  3438 | D:4      | Noticed Eustachio
  3462 | D:4      | Killed Eustachio
  3691 | D:4      | Noticed Ijyb
  3698 | D:4      | Killed Ijyb
  3831 | D:4      | Reached skill level 6 in Air Magic
  3858 | D:4      | Reached XP level 8. HP: 39/57 MP: 13/15
  4127 | D:5      | Entered Level 5 of the Dungeon
  4376 | D:5      | Found a glowing golden altar of the Shining One.
  4376 | D:5      | Found a shadowy altar of Dithmenos.
  4377 | D:5      | Found a hide-covered altar of Uskayaw.
  4379 | D:5      | Found an opulent altar of Gozag.
  4379 | D:5      | Found a shimmering altar of Xom.
  4431 | D:5      | Found a broken altar of Ashenzari.
  4552 | D:5      | Found a staircase to the Ecumenical Temple.
  4561 | Temple   | Entered the Ecumenical Temple
  4749 | D:5      | Reached skill level 5 in Spellcasting
  5040 | D:5      | Noticed Prince Ribbit
  5045 | D:5      | Killed Prince Ribbit
  5046 | D:5      | Reached skill level 7 in Air Magic
  5586 | D:6      | Reached skill level 5 in Staves
  5775 | D:6      | Reached XP level 9. HP: 58/62 MP: 12/17
  5809 | D:6      | Found a sparkling altar of Nemelex Xobeh.
  6360 | D:7      | Noticed Maggie
  6500 | D:7      | Noticed Menkaure
  6639 | D:7      | Killed Menkaure
  6789 | D:7      | Slain by a wight

Illustrated notes

Levels and vault maps discovered:
D:1:      dpeg_arrival_central, layout_basic,
          hellmonk_ecumenical_altar_heavens_door, nrook_campfire
D:2:      layout_basic, grunt_decor_mini_mirrors
D:3:      layout_loops_ring, nicolae_elevator_lobby_plus
D:4:      layout_layer_cave, nzn_wu_jian_council_hall, chequers_garden,
          uniq_ijyb, uniq_eustachio, uniq_edmund, uniq_grinder,
          uniq_blork_the_orc
D:5:      layout_loops_corners, grunt_temple_overflow_open,
          minmay_temple_entry_offerings, uniq_prince_ribbit1
D:6:      layout_basic, lemuel_doored_altar
D:7:      layout_cave_pods, uniq_maggie, uniq_menkaure
Temple:   pdpol_scorched_temple

Skill      XL: |  1  2  3  4  5  6  7  8  9 |
---------------+----------------------------+-----
Air Magic      | 4 5 5 6 7 |  7.9
Staves         | 1 3 5 |  5.7
Spellcasting   | 3 4 5 6 |  6.0
Conjurations   | 2 3 |  3.4
Dodging        | |  1.7
Stealth        | |  1.7

Action                   |  1- 3 |  4- 6 |  7- 9 || total
-------------------------+-------+-------+-------++-------
Melee: Unarmed           |    38 |       |       ||    38
       Tailslap          |     4 |     5 |    13 ||    22
       Dagger            |     6 |       |       ||     6
       Quarterstaff      |     1 |    50 |    84 ||   135
 Cast: Shock             |    49 |    40 |   106 ||   195
  Use: Scroll            |     4 |       |     8 ||    12
       Potion            |       |       |     5 ||     5
 Stab: Sleeping          |       |     2 |     4 ||     6
       Distracted        |       |     1 |       ||     1
Armor: Skin              |    22 |    20 |    85 ||   127
Dodge: Dodged            |    32 |    39 |   107 ||   178
